TOP OF THE 1ST |
Spartanburg Spartans batting - Pitching for Anderson Rebels : LHP Louis Whetstone
|
Pitching: LHP Louis Whetstone
|
|
Batting: SHB Michael Vanderburg
|
0-0: Ball 1-0: Called Strike 1-1: Ball 2-1: Ball 3-1: Bunt for hit to 2L - play at first, batter OUT! 2-3
|
Batting: RHB Ron Dillard
|
0-0: Fly out, F4 (Flyball, 34D, EV 90.6 MPH)
|
Batting: RHB Gib Seibert
|
0-0: Ball 1-0: Ball 2-0: Ball 3-0: Base on Balls
|
Batting: RHB Dan Boever
|
0-0: Called Strike 0-1: Ball 1-1: Ball 2-1: Fielders Choice at 2nd, 6-4 (Groundball, 6, EV 84.4 MPH)
|
Top of the 1st over - 0 runs, 0 hits, 0 errors, 1 left on base; Spartanburg 0 - Anderson 0 |
BOTTOM OF THE 1ST |
Anderson Rebels batting - Pitching for Spartanburg Spartans : LHP Michael Bungarz
|
Pitching: LHP Michael Bungarz
|
|
Batting: LHB Eli Aldridge
|
0-0: Swinging Strike 0-1: TRIPLE (Line Drive, 89XD, EV 113.1 MPH)
|
Batting: RHB Mike Gallego
|
0-0: Ball 1-0: Called Strike 1-1: Ball 2-1: Ground out 5-3 (Groundball, 56, EV 90.0 MPH) Eli Aldridge scores
|
Batting: RHB Rick Schu
|
0-0: Ball 1-0: Called Strike 1-1: Ball 2-1: Swinging Strike 2-2: DOUBLE (Flyball, 8LXD, EV 93.8 MPH)
|
Batting: RHB Larry See
|
0-0: Ground out 6-3 (Groundball, 6, EV 87.5 MPH) Rick Schu to third
|
Batting: RHB Todd Demeter
|
0-0: Fly out, F8 (Line Drive, 8LM, EV 85.0 MPH)
|
Bottom of the 1st over - 1 run, 2 hits, 0 errors, 1 left on base; Spartanburg 0 - Anderson 1 |
TOP OF THE 2ND |
Spartanburg Spartans batting - Pitching for Anderson Rebels : LHP Louis Whetstone
|
Batting: RHB Inocencio Guerrero
|
0-0: Ball 1-0: Swinging Strike 1-1: Ball 2-1: Called Strike 2-2: Foul Ball, location: 2F 2-2: Strikes out looking
|
Batting: LHB Warren McReddie
|
0-0: SINGLE (Line Drive, 89S, EV 110.6 MPH)
|
Batting: RHB Rigo Rodriguez
|
0-0: Ball 1-0: Ball 2-0: Ball 3-0: Called Strike 3-1: Called Strike 3-2: Strikes out swinging
|
Batting: LHB Albert Ortiz
|
0-0: Ball 1-0: Called Strike 1-1: Ball 2-1: Foul Ball, location: 2F 2-2: Foul Ball, location: 2F 2-2: Strikes out looking
|
Top of the 2nd over - 0 runs, 1 hit, 0 errors, 1 left on base; Spartanburg 0 - Anderson 1 |
BOTTOM OF THE 2ND |
Anderson Rebels batting - Pitching for Spartanburg Spartans : LHP Michael Bungarz
|
Batting: RHB Henry Cotto
|
0-0: Swinging Strike 0-1: Foul Ball, location: 2F 0-2: Ball 1-2: Ground out 1-3 (Groundball, P, EV 66.9 MPH)
|
Batting: RHB Juan Blanco
|
0-0: Ball 1-0: Ball 2-0: Bunted foul 2-1: Ball 3-1: Ground out 5-3 (Groundball, 56S, EV 68.8 MPH)
|
Batting: RHB Guillermo Montiel
|
0-0: Fly out, F9 (Line Drive, 9, EV 95.0 MPH)
|
Bottom of the 2nd over - 0 runs, 0 hits, 0 errors, 0 left on base; Spartanburg 0 - Anderson 1 |
TOP OF THE 3RD |
Spartanburg Spartans batting - Pitching for Anderson Rebels : LHP Louis Whetstone
|
Batting: LHB Ronn Van Krevelen
|
0-0: Called Strike 0-1: Fly out, F9 (Flyball, 9LM, EV 91.9 MPH)
|
Batting: SHB Michael Vanderburg
|
0-0: Foul Ball, location: 2F 0-1: Ball 1-1: Ball 2-1: Called Strike 2-2: Foul Ball, location: 2F 2-2: Foul Ball, location: 2F 2-2: SINGLE (Line Drive, 34, EV 106.9 MPH)
|
Batting: RHB Ron Dillard
|
0-0: Ball Michael Vanderburg steals 2nd, throwing error, E2 Michael Vanderburg to third 1-0: Foul Ball, location: 2F 1-1: Ball 2-1: Ball 3-1: Ground out 6-3 (Groundball, 56, EV 105.0 MPH) Michael Vanderburg scores
|
Batting: RHB Gib Seibert
|
0-0: Ball 1-0: Swinging Strike 1-1: Called Strike 1-2: Ball 2-2: Strikes out swinging
|
Top of the 3rd over - 1 run, 1 hit, 1 error, 0 left on base; Spartanburg 1 - Anderson 1 |
BOTTOM OF THE 3RD |
Anderson Rebels batting - Pitching for Spartanburg Spartans : LHP Michael Bungarz
|
Batting: LHB James Beck
|
0-0: Swinging Strike 0-1: Ball 1-1: Foul Ball, location: 2F 1-2: Strikes out swinging
|
Batting: LHB Eli Aldridge
|
0-0: Ball 1-0: Fly out, F3 (Popup, 34S, EV 76.9 MPH)
|
Batting: RHB Mike Gallego
|
0-0: Ball 1-0: Ball 2-0: Ball 3-0: Base on Balls
|
Batting: RHB Rick Schu
|
0-0: Ball 1-0: Foul Ball, location: 2F 1-1: Ball 2-1: Fly out, F7 (Flyball, 7D, EV 102.5 MPH)
|
Bottom of the 3rd over - 0 runs, 0 hits, 0 errors, 1 left on base; Spartanburg 1 - Anderson 1 |
TOP OF THE 4TH |
Spartanburg Spartans batting - Pitching for Anderson Rebels : LHP Louis Whetstone
|
Batting: RHB Dan Boever
|
0-0: Called Strike 0-1: Ball 1-1: Ball 2-1: Ball 3-1: Foul Ball, location: 2F 3-2: DOUBLE (Groundball, 5L, EV 99.4 MPH)
|
Batting: RHB Inocencio Guerrero
|
0-0: Ball Wild Pitch! Dan Boever to third 1-0: Swinging Strike 1-1: Fly out, F7 (Flyball, 78M, EV 90.0 MPH) Runner from 3rd tags up, SCORES, no throw by LF
|
Batting: LHB Warren McReddie
|
0-0: Ball 1-0: Ball 2-0: Ball 3-0: Called Strike 3-1: Ground out 4-3 (Groundball, 4, EV 85.0 MPH)
|
Batting: RHB Rigo Rodriguez
|
0-0: Ball 1-0: Foul Ball, location: 2F 1-1: Ball 2-1: Foul Ball, location: 2F 2-2: Foul Ball, location: 2F 2-2: Fly out, F8 (Line Drive, 8LD, EV 97.5 MPH)
|
Top of the 4th over - 1 run, 1 hit, 0 errors, 0 left on base; Spartanburg 2 - Anderson 1 |
BOTTOM OF THE 4TH |
Anderson Rebels batting - Pitching for Spartanburg Spartans : LHP Michael Bungarz
|
Batting: RHB Larry See
|
0-0: Foul Ball, location: 2F 0-1: Ball 1-1: Ball 2-1: Ball 3-1: Base on Balls
|
Batting: RHB Todd Demeter
|
0-0: Swinging Strike 0-1: SINGLE (Groundball, 4MD, EV 93.8 MPH) Larry See to second
|
Batting: RHB Henry Cotto
|
0-0: Called Strike 0-1: Foul Ball, location: 2F 0-2: Ball 1-2: Strikes out swinging
|
Batting: RHB Juan Blanco
|
0-0: Ball 1-0: Swinging Strike 1-1: Ball 2-1: Fly out, F8 (Line Drive, 8RM, EV 84.4 MPH)
|
Batting: RHB Guillermo Montiel
|
0-0: Foul Ball, location: 2F 0-1: Foul Ball, location: 2F 0-2: Ground out U3 (Groundball, 3L, EV 98.8 MPH)
|
Bottom of the 4th over - 0 runs, 1 hit, 0 errors, 2 left on base; Spartanburg 2 - Anderson 1 |
TOP OF THE 5TH |
Spartanburg Spartans batting - Pitching for Anderson Rebels : LHP Louis Whetstone
|
Batting: LHB Albert Ortiz
|
0-0: Called Strike 0-1: Fly out, F7 (Flyball, 7S, EV 83.8 MPH)
|
Batting: LHB Ronn Van Krevelen
|
0-0: Ball 1-0: SINGLE (Groundball, 34D, EV 106.3 MPH)
|
Batting: SHB Michael Vanderburg
|
0-0: Ball 1-0: Ball 2-0: Foul Ball, location: 2F 2-1: Ball 3-1: Swinging Strike 3-2: Base on Balls Ronn Van Krevelen to second
|
Batting: RHB Ron Dillard
|
0-0: Ball 1-0: Ball 2-0: Called Strike 2-1: Ball 3-1: 3-RUN HOME RUN (Flyball, 7D, EV 100.6 MPH), Distance : 374 ft
|
Batting: RHB Gib Seibert
|
0-0: Called Strike 0-1: SINGLE (Line Drive, 4D, EV 106.3 MPH)
|
Batting: RHB Dan Boever
|
0-0: TRIPLE (Line Drive, 8RD, EV 91.3 MPH) Gib Seibert scores
|
Pitching: RHP Rich Yett
|
|
Batting: RHB Inocencio Guerrero
|
0-0: Foul Ball, location: 2F 0-1: Ball 1-1: Called Strike 1-2: Ball 2-2: Ground out 5-3 (Groundball, 5, EV 88.8 MPH)
|
Batting: LHB Warren McReddie
|
0-0: Ball 1-0: Ball 2-0: Ball 3-0: Called Strike 3-1: Base on Balls
|
Batting: RHB Rigo Rodriguez
|
0-0: Ball 1-0: Called Strike 1-1: Foul Ball, location: 2F 1-2: Strikes out looking
|
Top of the 5th over - 4 runs, 4 hits, 0 errors, 2 left on base; Spartanburg 6 - Anderson 1 |
BOTTOM OF THE 5TH |
Anderson Rebels batting - Pitching for Spartanburg Spartans : LHP Michael Bungarz
|
Batting: LHB James Beck
|
0-0: Ball 1-0: Foul Ball, location: 2F 1-1: Foul Ball, location: 2F 1-2: SINGLE (Flyball, 78S, EV 92.5 MPH)
|
Batting: LHB Eli Aldridge
|
0-0: Called Strike 0-1: Ball 1-1: Foul Ball, location: 2F 1-2: Foul Ball, location: 2F 1-2: Strikes out swinging
|
Batting: RHB Mike Gallego
|
0-0: Ball James Beck steals 2nd base 1-0: Ball James Beck steals 3rd base 2-0: Called Strike 2-1: Called Strike 2-2: Ground out 5-3 (Groundball, 5, EV 98.8 MPH)
|
Batting: RHB Rick Schu
|
0-0: Ball 1-0: Called Strike 1-1: DOUBLE (Line Drive, 89XD, EV 100.6 MPH) James Beck scores
|
Batting: RHB Larry See
|
0-0: Ball 1-0: Foul Ball, location: 2F 1-1: Ball 2-1: Foul Ball, location: 2F 2-2: 2-RUN HOME RUN (Flyball, 78XD, EV 99.4 MPH), Distance : 422 ft
|
Batting: RHB Todd Demeter
|
0-0: Called Strike 0-1: Ball 1-1: Swinging Strike 1-2: Strikes out swinging
|
Bottom of the 5th over - 3 runs, 3 hits, 0 errors, 0 left on base; Spartanburg 6 - Anderson 4 |
TOP OF THE 6TH |
Spartanburg Spartans batting - Pitching for Anderson Rebels : RHP Rich Yett
|
Batting: LHB Albert Ortiz
|
0-0: Called Strike 0-1: Ball 1-1: Ground out 5-3 (Groundball, 56, EV 82.5 MPH)
|
Batting: LHB Ronn Van Krevelen
|
0-0: Called Strike 0-1: Ball 1-1: Ball 2-1: Foul Ball, location: 2F 2-2: Ground out 3-1 (Groundball, 34, EV 86.3 MPH)
|
Batting: SHB Michael Vanderburg
|
0-0: SINGLE (Groundball, 34D, EV 98.1 MPH)
|
Batting: RHB Ron Dillard
|
0-0: Ball 1-0: Called Strike 1-1: Swinging Strike 1-2: Strikes out swinging, 2-3 out at first.
|
Top of the 6th over - 0 runs, 1 hit, 0 errors, 1 left on base; Spartanburg 6 - Anderson 4 |
BOTTOM OF THE 6TH |
Anderson Rebels batting - Pitching for Spartanburg Spartans : LHP Michael Bungarz
|
Batting: RHB Henry Cotto
|
0-0: Called Strike 0-1: Ground out 5-3 (Groundball, 56, EV 101.9 MPH)
|
Batting: RHB Juan Blanco
|
0-0: Ball 1-0: Called Strike 1-1: Foul Ball, location: 2F 1-2: Ball 2-2: Ball 3-2: Reached on error, E1 (Groundball, 15, EV 73.1 MPH)
|
Batting: RHB Guillermo Montiel
|
0-0: Ball 1-0: Ball 2-0: Called Strike 2-1: Ball 3-1: Base on Balls Juan Blanco to second
|
Pitching: LHP Scott Budner
|
|
Batting: LHB James Beck
|
0-0: Called Strike 0-1: Called Strike 0-2: Foul Ball, location: 2F 0-2: Foul Ball, location: 2F 0-2: Ball 1-2: Foul Ball, location: 2F 1-2: Ball 2-2: Fielders Choice at 2nd, 4-6 (Groundball, 4, EV 78.1 MPH) Juan Blanco to third
|
Batting: LHB Eli Aldridge
|
0-0: Ball 1-0: Ball 2-0: Swinging Strike 2-1: Foul Ball, location: 2F 2-2: Strikes out swinging
|
Bottom of the 6th over - 0 runs, 0 hits, 1 error, 2 left on base; Spartanburg 6 - Anderson 4 |
TOP OF THE 7TH |
Spartanburg Spartans batting - Pitching for Anderson Rebels : RHP Rich Yett
|
Batting: RHB Gib Seibert
|
0-0: Foul Ball, location: 2F 0-1: Called Strike 0-2: Ball 1-2: SINGLE (Groundball, 6MD, EV 110.0 MPH)
|
Batting: RHB Dan Boever
|
0-0: SINGLE (Groundball, 6MD, EV 101.3 MPH) Gib Seibert to second
|
Batting: RHB Inocencio Guerrero
|
0-0: Ball 1-0: Foul Ball, location: 2F 1-1: Ball 2-1: Swinging Strike 2-2: Strikes out swinging
|
Batting: LHB Warren McReddie
|
0-0: Fly out, F3 (Line Drive, 3, EV 68.1 MPH)
|
Batting: RHB Rigo Rodriguez
|
0-0: Called Strike 0-1: Fly out, F9 (Flyball, 89S, EV 93.8 MPH)
|
Top of the 7th over - 0 runs, 2 hits, 0 errors, 2 left on base; Spartanburg 6 - Anderson 4 |
BOTTOM OF THE 7TH |
Anderson Rebels batting - Pitching for Spartanburg Spartans : LHP Scott Budner
|
Batting: RHB Mike Gallego
|
0-0: Called Strike 0-1: Ball 1-1: Called Strike 1-2: Ball 2-2: Strikes out looking
|
Batting: RHB Rick Schu
|
0-0: SINGLE (Line Drive, 7LS, EV 96.3 MPH)
|
Batting: RHB Larry See
|
0-0: Ball 1-0: Swinging Strike 1-1: Ball 2-1: Foul Ball, location: 2F 2-2: Foul Ball, location: 2F 2-2: Foul Ball, location: 2F 2-2: Strikes out looking
|
Batting: RHB Todd Demeter
|
0-0: Called Strike 0-1: Ball 1-1: Ground out 5-3 (Groundball, 56, EV 98.8 MPH)
|
Bottom of the 7th over - 0 runs, 1 hit, 0 errors, 1 left on base; Spartanburg 6 - Anderson 4 |
TOP OF THE 8TH |
Spartanburg Spartans batting - Pitching for Anderson Rebels : RHP Rich Yett
|
Batting: LHB Albert Ortiz
|
0-0: Ball 1-0: Ball 2-0: Ground out 5-3 (Groundball, 56, EV 105.6 MPH)
|
Batting: LHB Ronn Van Krevelen
|
0-0: Called Strike 0-1: Foul Ball, location: 2F 0-2: Ball 1-2: Ground out 5-3 (Groundball, 5, EV 95.6 MPH)
|
Batting: SHB Michael Vanderburg
|
0-0: Called Strike 0-1: Ball 1-1: Ball 2-1: Ball 3-1: Called Strike 3-2: Base on Balls
|
Batting: RHB Ron Dillard
|
0-0: Ball 1-0: Ball 2-0: SINGLE (Line Drive, 3D, EV 96.3 MPH) Michael Vanderburg to second Runner from 2nd tries for 3rd, SAFE, throw by RF made to third
|
Batting: RHB Gib Seibert
|
0-0: Ball 1-0: Called Strike 1-1: Called Strike 1-2: Fly out, F8 (Flyball, 8RD, EV 78.8 MPH)
|
Top of the 8th over - 0 runs, 1 hit, 0 errors, 2 left on base; Spartanburg 6 - Anderson 4 |
BOTTOM OF THE 8TH |
Anderson Rebels batting - Pitching for Spartanburg Spartans : LHP Scott Budner
|
Batting: RHB Henry Cotto
|
0-0: Bunt missed! 0-1: Ball 1-1: Called Strike 1-2: Ground out 3-1 (Groundball, 34, EV 106.9 MPH)
|
Batting: RHB Juan Blanco
|
0-0: Ball 1-0: Ball 2-0: Ball 3-0: Called Strike 3-1: Base on Balls
|
Batting: RHB Guillermo Montiel
|
0-0: Ball 1-0: Foul Ball, location: 2F 1-1: Fly out, F7 (Flyball, 7LS, EV 94.4 MPH)
|
Batting: LHB James Beck
|
0-0: Ball 1-0: Ball 2-0: Called Strike 2-1: Ball 3-1: Foul Ball, location: 2F 3-2: Base on Balls Juan Blanco to second
|
Batting: LHB Eli Aldridge
|
0-0: Called Strike 0-1: Ball 1-1: Ground out 5-3 (Groundball, 56S, EV 73.8 MPH)
|
Bottom of the 8th over - 0 runs, 0 hits, 0 errors, 2 left on base; Spartanburg 6 - Anderson 4 |
TOP OF THE 9TH |
Spartanburg Spartans batting - Pitching for Anderson Rebels : RHP Rich Yett
|
Pitching: RHP Marlon Hubbard
|
|
Batting: RHB Dan Boever
|
0-0: Ball 1-0: Called Strike 1-1: Ball 2-1: Ball 3-1: Called Strike 3-2: Base on Balls
|
Batting: RHB Inocencio Guerrero
|
0-0: Grounds into double play, 6-4-3 (Groundball, 6, EV 109.4 MPH)
|
Batting: LHB Warren McReddie
|
0-0: Foul Ball, location: 2F 0-1: SOLO HOME RUN (Flyball, 89XD, EV 100.6 MPH), Distance : 444 ft
|
Batting: RHB Rigo Rodriguez
|
0-0: Ball 1-0: Fly out, F6 (Flyball, 56D, EV 90.0 MPH)
|
Top of the 9th over - 1 run, 1 hit, 0 errors, 0 left on base; Spartanburg 7 - Anderson 4 |
BOTTOM OF THE 9TH |
Anderson Rebels batting - Pitching for Spartanburg Spartans : LHP Scott Budner
|
Batting: RHB Mike Gallego
|
0-0: Foul Ball, location: 2F 0-1: Ball 1-1: Swinging Strike 1-2: Ball 2-2: Ball 3-2: Base on Balls
|
Batting: RHB Rick Schu
|
0-0: Ball 1-0: Called Strike 1-1: Ball 2-1: Fielders Choice at 2nd, 6-4 (Groundball, 6, EV 81.9 MPH)
|
Batting: RHB Larry See
|
0-0: Ball 1-0: Grounds into double play, 6-4-3 (Groundball, 6, EV 106.3 MPH)
|
Bottom of the 9th over - 0 runs, 0 hits, 0 errors, 0 left on base; Spartanburg 7 - Anderson 4 |
|